cohdb
Replays
Latest Replays
All Replays
Popular Replays
Top Player Replays
Match Explorer
How It Works
Community
CoH3 Stats
Reddit
Sign in to upload your games and track your stats! →
Sign in with Steam
Match 40717473
Unlisted
Match 40717473
Overview
Messages
Build Orders
End
Kettenkrad Recon Vehicle
Construct Infanterie Kompanie
Selects Terror Battlegroup
Selects Machine Gun Camouflage
Grenadier Squad
MG 42 Machine Gun Team
Grenadier Squad
Construct Panzergrenadier Kompanie
251 Medium Carrier
Panzergrenadier Squad
Medical Station
GrW 34 Mortar Team
Pak 40 Anti-tank Gun Team
Construct Panzer Kompanie
Selects Defend the Fatherland
Panzer IV Medium Tank
Pioneer Squad
BigTiddyLebron
kreumat
Obsidian-Fury
tomg72
0
0
Comments
sign in to comment!
No comments posted yet!